 Dungeon Crawl Stone Soup version 0.28-a0-697-g47f3eba078 (webtiles) character file.

Game seed: 11501871280277605282

118 KoroneIsBestGirl the Chiller (level 4, -1/33 HPs)
             Began as a Minotaur Ice Elementalist on Oct 24, 2021.
             Slain by a kobold (7 damage)
             ... on level 3 of the Dungeon.
             The game lasted 00:03:58 (3220 turns).

KoroneIsBestGirl the Chiller (MiIE)                 Turns: 3220, Time: 00:03:59

Health: -1/33      AC:  3    Str: 13    XL:     4   Next: 72%
Magic:  6/6        EV: 12    Int: 13    God:
Gold:   51         SH:  0    Dex: 10    Spells: 3/7 levels left

rFire   . . .      SeeInvis .   l - +2 quarterstaff (chaos)
rCold   . . .      Faith    .   (shield currently unavailable)
rNeg    . . .      Spirit   .   a - +0 robe
rPois   +          Reflect  .   (helmet restricted)
rElec   .          Harm     .   m - +0 cloak
rCorr   .          Rampage  .   (no gloves)
Will    .....                   (no boots)
Stlth   ++........              (no amulet)
HPRegen 0.11/turn               k - ring of poison resistance
MPRegen 0.10/turn               (no ring)

@: no status effects
A: horns 2, retaliatory headbutt
a: no special abilities


You were on level 3 of the Dungeon.
You visited 1 branch of the dungeon, and saw 3 of its levels.

You collected 51 gold pieces.

Inventory:

Hand Weapons
 e - a +0 short sword
 l - a +2 quarterstaff of chaos (weapon)
Armour
 a - a +0 robe (worn)
 d - a +0 kite shield
 m - a +0 cloak (worn)
Jewellery
 k - a ring of poison resistance (left hand)
Scrolls
 b - a scroll of magic mapping {unknown}
 c - 7 scrolls of identify {unknown}
 h - a scroll of enchant weapon {unknown}
 i - a scroll of teleportation {unknown}
Potions
 f - a potion of brilliance {unknown}
 g - a potion of resistance {unknown}
 j - a potion of might {unknown}


   Skills:
 - Level 3.1 Dodging
 - Level 1.5 Stealth
 + Level 0.4 Shields
 + Level 2.3 Spellcasting
 + Level 3.6 Ice Magic


You had 3 spell levels left.
You knew the following spells:

 Your Spells              Type           Power      Damage    Failure   Level
a - Freeze                Ice            44%        1d6       5%          1
b - Frozen Ramparts       Ice            22%        1d4       16%         3

Your spell library contained the following spells:

 Spells                   Type           Power      Damage    Failure   Level
 Ozocubu's Armour         Ice            11%        N/A       16%         3
 Pain                     Necr           4%         1d4       24%         1
 Hailstorm                Conj/Ice       6%         3d4       75%         4


Dungeon Overview and Level Annotations

Branches:
Dungeon (3/15)

Altars:

Shops:
D:1 =


Innate Abilities, Weirdness & Mutations

You have a pair of horns on your head.
You reflexively headbutt those who attack you in melee.


Message History

The kobold hits you but does no damage. The kobold barely misses you.
You barely miss the kobold. Your headbutt misses the kobold.
The kobold is moderately wounded.
The kobold hits you with a +0 whip.
An endoplasm comes into view.
The kobold hits you with a +0 whip.
A frilled lizard comes into view.
You hit the kobold.
The kobold flickers and vanishes!
Deactivating autopickup; reactivate with Ctrl-A.
Something hits you. The bullfrog skeleton hits you. Something hits you.
* * * LOW HITPOINT WARNING * * *
The bullfrog skeleton hits you.
* * * LOW HITPOINT WARNING * * *
You are too injured to fight recklessly!
You are too injured to fight recklessly!
You are too injured to fight recklessly!
You are too injured to fight recklessly!
You are too injured to fight recklessly!
You are too injured to fight recklessly!
You are too injured to fight recklessly!
You are too injured to fight recklessly!
You are too injured to fight recklessly!
You are too injured to fight recklessly!
You are too injured to fight recklessly!
You are too injured to fight recklessly!
You are too injured to fight recklessly!
You are too injured to fight recklessly!
You are too injured to fight recklessly!
You are too injured to fight recklessly!
You are too injured to fight recklessly!
You are too injured to fight recklessly!
You are too injured to fight recklessly!
Okay, then.
Okay, then.
Something hits you.
* * * LOW HITPOINT WARNING * * *
There are monsters nearby!
There are monsters nearby!
Something hits you!
You die...

#........#
#........#
#...<#
#....#
#....####.#
#..).......
#...#######
#..†.......
#..@#######
#..Z######
#......$...
#..J.......
#..........
....#######
....l#
......#
####....


You could see an endoplasm, a frilled lizard and a bullfrog skeleton.

Vanquished Creatures
  Crazy Yiuf (D:2)
  2 adders
  2 worms
  4 dart slugs
  4 orcs (D:2)
  6 ball pythons
  2 bats (D:2)
  6 endoplasms
  4 giant cockroaches
  A hobgoblin (D:2)
  3 jackals (D:2)
  4 kobolds
  2 quokkas (D:2)
  7 frilled lizards
  4 rats
52 creatures vanquished.

Vanquished Creatures (others)
  2 fungi
2 creatures vanquished.

Grand Total: 54 creatures vanquished

Notes
Turn   | Place    | Note
-------+----------+-------------------------------------------
     0 | D:1      | KoroneIsBestGirl the Minotaur Ice Elementalist began the
                  | quest for the Orb.
     0 | D:1      | Reached XP level 1. HP: 14/14 MP: 1/1
   122 | D:1      | Found a faded altar of an unknown god.
   129 | D:1      | Got Plato's Compendium of Darkness
   417 | D:1      | Found Tesoaph's Jewellery Boutique.
   429 | D:1      | Reached XP level 2. HP: 20/20 MP: 0/3
  1418 | D:2      | Reached XP level 3. HP: 17/26 MP: 2/4
  2153 | D:2      | Learned a level 3 spell: Frozen Ramparts
  2602 | D:2      | Reached XP level 4. HP: 15/33 MP: 4/6
  2956 | D:2      | Found a runed translucent door.
  2957 | D:2      | Noticed Crazy Yiuf
  2965 | D:2      | Killed Crazy Yiuf
  3220 | D:3      | Slain by a kobold

Illustrated notes

Levels and vault maps discovered:
D:1:      amcnicky_arrival_gap_in_the_tavern_cellar, layout_basic, serial_shops,
          shop, serial_corexii_hall, chequers_hall_statues_y,
          corexii_hall_statues_x, corexii_hall_statues_x,
          corexii_hall_statues_i, shapermc_ecumenical_altar_rom_forum
D:2:      layout_basic, mrwooster_statue_mirror, chequers_serial_rivers_small_b,
          uniq_crazy_yiuf_cottage
D:3:      layout_basic

Skill      XL: |  1  2  3 |
---------------+----------+-----
Ice Magic      | 3 |  3.6
Dodging        | 3 |  3.1
Spellcasting   | 2 |  2.3
Stealth        | |  1.5
Shields        | |  0.4

Action                   |  1- 3 |  4- 6 || total
-------------------------+-------+-------++-------
Melee: Unarmed           |    23 |       ||    23
       Headbutt          |    15 |     2 ||    17
       Short sword       |    84 |     6 ||    90
       Quarterstaff      |       |    16 ||    16
 Cast: Freeze            |    25 |       ||    25
       Frozen Ramparts   |       |     1 ||     1
 Stab: Sleeping          |     5 |       ||     5
Armor: Robe              |    30 |     7 ||    37
Dodge: Dodged            |    84 |     6 ||    90

Table legend: (Time is in decaauts)
 A = Elapsed time spent in this place.
 B = Non-inter-level travel time spent in this place.
 C = Inter-level travel time spent in this place.
 D = Time resting spent in this place.
 E = Time spent auto-exploring this place.
 F = Levels seen in this place.
 G = Mean time per level.
                   A        B        C        D        E       F      G
               +--------+--------+--------+--------+--------+-----+--------+
         Total |   3234 |   3134 |    100 |    139 |   2572 |   3 | 1078.0 |
       Dungeon |   3234 |   3134 |    100 |    139 |   2572 |   3 | 1078.0 |
               +--------+--------+--------+--------+--------+-----+--------+

Top non-repeatable levels by time:
     D:2: 1936 daAuts
     D:1: 1251 daAuts
     D:3: 46 daAuts
